 Dungeon Crawl Stone Soup version 0.28.0-49-g6dfe1f597d (webtiles) character file.

Game seed: 7684191699963320519

61 hawla the Firebug (level 3, 0/14 HPs)
             Began as a Felid Fire Elementalist on May 16, 2022.
             Slain by a gnoll
             ... wielding a +0 halberd
              (14 damage)
             ... on level 3 of the Dungeon.
             The game lasted 00:04:01 (2260 turns).

hawla the Firebug (Felid Fire Elementalist)         Turns: 2260, Time: 00:04:01

Health: 0/14       AC:  1    Str:  4    XL:     3   Next: 83%
Magic:  3/7        EV: 18    Int: 18    God:
Gold:   159        SH:  0    Dex: 16    Spells: 0/6 levels left
                                        Lives:  0   Deaths: 0

rFire   . . .      SeeInvis +   (weapon unavailable)
rCold   . . .      Faith    .   (shield unavailable)
rNeg    . . .      Spirit   .   (armour unavailable)
rPois   .          Reflect  .   (helmet unavailable)
rElec   .          Harm     .   (cloak unavailable)
rCorr   .          Rampage  .   (gloves unavailable)
Will    .....                   (boots unavailable)
Stlth   ++........              (no amulet)
HPRegen 0.04/turn               (no ring)
MPRegen 0.10/turn               (no ring)

@: quick
A: very small, claws 1, fangs 3, see invisible, speed 1, shaggy fur 1, stealthy
paws, no weapons or thrown items, no armour, multi-lived
a: no special abilities


You were on level 3 of the Dungeon.
You visited 1 branch of the dungeon, and saw 3 of its levels.

You collected 159 gold pieces.

Inventory:

Jewellery
 g - a ring of magical power
Scrolls
 d - 3 scrolls of teleportation
Potions
 a - a potion of curing {unknown}
 b - a potion of cancellation {unknown}
 e - 2 potions of invisibility {unknown}
 f - a potion of lignification {unknown}


   Skills:
 + Level 3.2 Dodging
 - Level 2.9 Stealth
 - Level 2.3 Spellcasting
 * Level 1.5 Conjurations
 + Level 3.6 Fire Magic


You couldn't memorise any spells.
You knew the following spells:

 Your Spells              Type           Power      Damage    Failure   Level
a - Foxfire               Conj/Fire      44%        2x1d6     6%          1
b - Scorch                Fire           30%        2d7       6%          2
c - Conjure Flame         Conj/Fire      11%        6-21      19%         3

Your spell library contained the following spells:

 Spells                   Type           Power      Damage    Failure   Level
 Inner Flame              Hex/Fire       8%         N/A       26%         3
 Flame Wave               Conj/Fire      11%        2d5       52%         4


Dungeon Overview and Level Annotations

Branches:
Dungeon (3/15)

Altars:


Innate Abilities, Weirdness & Mutations

You have sharp claws.
You have razor-sharp teeth.
You have supernaturally acute eyesight. (SInv)
You cover ground quickly. (Speed+)
You are covered in fur. (AC +1)
Your paws help you pounce on unaware monsters.
You are incapable of wielding weapons or throwing items.
You cannot wear armour.
You gain extra lives every three experience levels.


Message History

Done exploring.
(D) Dungeon
Where to? (Enter - D:2, ? - help)
What level of the Dungeon? (default 1, ? - help)
There is a stone staircase leading down here.
You climb downwards.
There is a stone staircase leading up here.
As you read the scroll labelled IDUX WESTU, it crumbles to dust.
It is a scroll of enchant weapon.
You aren't carrying any weapons that can be enchanted.
Okay, then.
You now have 159 gold pieces (gained 14).
Found 28 bolts. 3 gnolls and an endoplasm come into view.
There are monsters nearby!
There are monsters nearby!
There are monsters nearby!
A gnoll comes into view. It is wielding a +0 flail.
The gnoll shouts!
The endoplasm quivers.
The gnoll shouts! x3
You hear an angry hiss.
Casting: Foxfire (safe; 6% risk of failure)
Confirm with . or Enter, or press ? or * to list all spells.
You conjure some foxfire!
Casting: Foxfire (safe; 6% risk of failure)
Confirm with . or Enter, or press ? or * to list all spells.
Flames lash the gnoll.
The gnoll is heavily wounded.
The gnoll's fire resistance burns away.
The foxfire hits the gnoll.
The gnoll is burned terribly!
The gnoll is severely wounded.
The foxfire hits the gnoll.
The gnoll is severely wounded.
Casting: Scorch (safe; 6% risk of failure)
Confirm with . or Enter, or press ? or * to list all spells.
You conjure some foxfire!
The gnoll hits you from afar with a +0 halberd!
Ouch! That really hurt!
You die...

...... #....# .....
#.##.# ....
#.##.#### ...##
#.#.....#
.g.###.#####.#
gg#......##.######
#g#.#.##.##.......
###v#.#....#######.#
#.ยง@....#### #.#
#.#v#......# #.#
#.#.#.#(##.# #.# #
#...#.##.# #.#
....#.##.# #.#
......#.##.# #<#
......#....# ###
......######


You could see 4 gnolls.

Vanquished Creatures
  3 adders (D:2)
  A worm (D:2)
  2 endoplasms (D:2)
  3 goblins (D:2)
  5 hobgoblins
  A jackal (D:2)
  3 quokkas
  3 ball pythons
  2 bats
  2 frilled lizards
  2 kobolds (D:2)
  4 rats
31 creatures vanquished.

Vanquished Creatures (others)
  82 foxfires
82 creatures vanquished.

Grand Total: 113 creatures vanquished

Notes
Turn   | Place    | Note
-------+----------+-------------------------------------------
     0 | D:1      | hawla the Felid Fire Elementalist began the quest for the
                  | Orb.
     0 | D:1      | Reached XP level 1. HP: 7/7 MP: 4/4
   323 | D:1      | Reached skill level 1 in Conjurations
   647 | D:2      | Reached XP level 2. HP: 2/11 MP: 0/6
   901 | D:2      | Learned a level 2 spell: Scorch
   911 | D:2      | Reached XP level 3. HP: 13/14 MP: 0/7
   915 | D:2      | Learned a level 3 spell: Conjure Flame
  2113 | D:2      | Found a faded altar of an unknown god.
  2260 | D:3      | Slain by a gnoll

Illustrated notes

Levels and vault maps discovered:
D:1:      lemuel_arrival_behind_the_door_large, layout_rooms
D:2:      minmay_angry_zag, layout_loops_cross, ebering_ecumenical_altar_box
D:3:      layout_basic, mainiacjoe_overflow_alcove_2, biasface_ghost_orc_armoury

Skill      XL: |  1 |
---------------+----+-----
Conjurations   | 1 |  1.5
Dodging        | 3 |  3.2
Fire Magic     | 3 |  3.6
Stealth        | |  2.9
Spellcasting   | |  2.3

Action                   || total
-------------------------++-------
Melee: Unarmed           ||    11
       Bite              ||     1
 Cast: Foxfire           ||    48
       Scorch            ||     3
  Use: Scroll            ||     4
Armor: Skin              ||     3
Dodge: Dodged            ||    18
